[Event "GambitGuide"]
[Site "Internet Chess Club"]
[Date "2014.10.31"]
[Round "1"]
[White "JSBach"]
[Black "RamRock"]
[Result "1-0"]
[ICCResult "Black checkmated"]
[WhiteElo "1678"]
[BlackElo "1685"]
[Opening "Vienna: `Frankenstein-Dracula' variation"]
[ECO "C27"]
[NIC "VG.02"]
[Time "00:37:41"]
[TimeControl "120+12"]

1. e4 e5 2. Nc3 Nf6 3. Bc4 Nxe4 4. Qh5 Nd6 5. Bb3 Nc6 6. Nb5 g6 7. Qf3 f5 8.
Qd5 Qe7 9. Nxc7+ Kd8 10. Nxa8 b6 11. Ba4 Nb4 12. Qb3 Bb7 13. Qxb4 Bxg2 14.
Nxb6 Bxh1 15. Nxd7 Qg5 16. Ne2 Bf3 17. Qa5+ Ke7 18. Qxe5+ Kd8 19. Qxh8 Bxe2
20. Qxf8+ Kc7 21. Qb8# {Black checkmated} 1-0

[Event "GambitGuide"]
[Site "Internet Chess Club"]
[Date "2014.10.31"]
[Round "1"]
[White "JSBach"]
[Black "RamRock"]
[Result "1-0"]
[ICCResult "Black resigns"]
[WhiteElo "1678"]
[BlackElo "1685"]
[Opening "Vienna: `Frankenstein-Dracula' variation"]
[ECO "C27"]
[NIC "VG.02"]
[Time "00:38:51"]
[TimeControl "120+12"]

1. e4 e5 2. Nc3 Nf6 3. Bc4 Nxe4 4. Qh5 Nd6 5. Bb3 Nc6 6. Nb5 g6 7. Qf3 f5 8.
Qd5 Qe7 9. Nxc7+ Kd8 10. Nxa8 b6 11. Ba4 Qh4 12. Bxc6 dxc6 13. Qxe5 Qe4+ 14.
Qxe4 Nxe4 15. d3 Nd6 16. Bg5+ Be7 17. Bxe7+ Kxe7 18. Ke2 Bb7 19. Nxb6 axb6
20. Re1 Kf6 21. c3 Re8+ 22. Kd2 Rxe1 23. Kxe1 Nb5 24. a4 Nd6 25. Nf3 b5 26.
a5 Ba6 27. b4 Ke6 28. Ng5+ Kf6 29. Nxh7+ Kf7 30. f4 Kg7 31. Ng5 Kf6 32. Kd2
Nb7 33. Re1 {Black resigns} 1-0

[Event "GambitGuide"]
[Site "Internet Chess Club"]
[Date "2014.10.31"]
[Round "1"]
[White "JSBach"]
[Black "RamRock"]
[Result "1-0"]
[ICCResult "Black checkmated"]
[WhiteElo "1678"]
[BlackElo "1685"]
[Opening "Vienna: `Frankenstein-Dracula' variation"]
[ECO "C27"]
[NIC "VG.02"]
[Time "00:39:50"]
[TimeControl "120+12"]

1. e4 e5 2. Nc3 Nf6 3. Bc4 Nxe4 4. Qh5 Nd6 5. Bb3 Nc6 6. Nb5 g6 7. Qf3 f5 8.
Qd5 Qe7 9. Nxc7+ Kd8 10. Nxa8 b6 11. Ba4 Qg5 12. d3 Nb4 13. Bxg5+ Be7 14.
Bxe7+ Kxe7 15. Qxe5+ Kd8 16. Qf6+ Ke8 17. Nc7# {Black checkmated} 1-0

[Event "GambitGuide"]
[Site "Internet Chess Club"]
[Date "2014.10.31"]
[Round "1"]
[White "JSBach"]
[Black "Smokie"]
[Result "1-0"]
[ICCResult "Black resigns"]
[WhiteElo "1678"]
[BlackElo "1484"]
[Opening "Vienna: `Frankenstein-Dracula' variation"]
[ECO "C27"]
[NIC "VG.02"]
[Time "00:33:25"]
[TimeControl "120+12"]

1. e4 e5 2. Nc3 Nf6 3. Bc4 Nxe4 4. Qh5 Nd6 5. Bb3 Nc6 6. Nb5 g6 7. Qf3 f5 8.
Qd5 Qe7 9. Nxc7+ Kd8 10. Nxa8 b6 11. Ba4 Bb7 12. Nxb6 axb6 13. Qb3 Kc7 14.
Ne2 Bg7 15. Nc3 Nd4 16. Nd5+ Bxd5 17. Qxd5 Qe6 18. Qxe6 Nxe6 19. c3 Nc5 20.
Bc2 e4 21. h4 Nd3+ 22. Bxd3 exd3 23. Rh3 Re8+ 24. Re3 Rxe3+ 25. fxe3 Ne4 26.
h5 g5 27. a4 d5 28. a5 b5 29. a6 Kb8 30. Ra5 Nd6 31. a7+ Ka8 32. Kf2 Be5 33.
b3 f4 34. Kf3 h6 35. exf4 Bxf4 36. g3 Be5 37. Ra6 Nf5 38. g4 Nh4+ 39. Ke3
Bg7 40. Ra5 Ng2+ 41. Kxd3 Ne1+ 42. Ke2 Nc2 43. Kd1 Ne3+ 44. dxe3 Bxc3 45.
Rxb5 Kxa7 46. Rxd5 {Black resigns} 1-0

[Event "GambitGuide"]
[Site "Internet Chess Club"]
[Date "2014.10.31"]
[Round "1"]
[White "JSBach"]
[Black "RamRock"]
[Result "1-0"]
[ICCResult "Black resigns"]
[WhiteElo "1678"]
[BlackElo "1685"]
[Opening "Vienna: `Frankenstein-Dracula' variation"]
[ECO "C27"]
[NIC "VG.02"]
[Time "00:40:14"]
[TimeControl "120+12"]

1. e4 e5 2. Nc3 Nf6 3. Bc4 Nxe4 4. Qh5 Nd6 5. Bb3 Nc6 6. Nb5 g6 7. Qf3 f5 8.
Qd5 Qe7 9. Nxc7+ Kd8 10. Nxa8 b6 11. Ba4 Nb4 12. Qb3 Bh6 13. Qxb4 Bg5 14.
Nf3 Bf4 15. d3 Bb7 16. Nxb6 axb6 17. Qxb6+ Ke8 18. Qc7 Qd8 19. Qxd6 Bxf3 20.
Bxf4 exf4 21. Qe5+ Qe7 22. Qxe7+ Kxe7 23. gxf3 {Black resigns} 1-0

[Event "GambitGuide"]
[Site "Internet Chess Club"]
[Date "2014.10.31"]
[Round "1"]
[White "JSBach"]
[Black "RamRock"]
[Result "1-0"]
[ICCResult "Black resigns"]
[WhiteElo "1678"]
[BlackElo "1685"]
[Opening "Vienna: `Frankenstein-Dracula' variation"]
[ECO "C27"]
[NIC "VG.02"]
[Time "00:41:07"]
[TimeControl "120+12"]

1. e4 e5 2. Nc3 Nf6 3. Bc4 Nxe4 4. Qh5 Nd6 5. Bb3 Nc6 6. Nb5 g6 7. Qf3 f5 8.
Qd5 Qe7 9. Nxc7+ Kd8 10. Nxa8 b6 11. Ba4 b5 12. Bxb5 Nxb5 13. Qxb5 Nb4 14.
Qa5+ Ke8 15. Qc7 Qg5 16. Qxc8+ Kf7 17. g3 Bc5 18. Qxc5 Nxc2+ 19. Qxc2 Rc8
20. Qxc8 {Black resigns} 1-0

[Event "GambitGuide"]
[Site "Internet Chess Club"]
[Date "2014.10.31"]
[Round "1"]
[White "JSBach"]
[Black "brainstorm01"]
[Result "0-1"]
[ICCResult "White checkmated"]
[WhiteElo "1678"]
[BlackElo "1989"]
[Opening "Vienna: `Frankenstein-Dracula' variation"]
[ECO "C27"]
[NIC "VG.02"]
[Time "00:40:11"]
[TimeControl "120+12"]

1. e4 e5 2. Nc3 Nf6 3. Bc4 Nxe4 4. Qh5 Nd6 5. Bb3 Nc6 6. Nb5 g6 7. Qf3 f5 8.
Qd5 Qe7 9. Nxc7+ Kd8 10. Nxa8 b6 11. Ba4 Nd4 12. f4 Bg7 13. fxe5 Bxe5 14. g4
Bb7 15. Bc6 Bxc6 16. Qxc6 dxc6 17. Kd1 fxg4 18. c3 Nf3 19. d4 Bxh2 20. Nxf3
gxf3 21. Rxh2 Re8 22. c4 Qe1+ 23. Kc2 f2 24. Bg5+ Kc8 25. Rh1 Qxa1 26. Rxa1
Re1 27. Bh4 f1=Q 28. Bxe1 Kb7 29. c5 bxc5 30. dxc5 Nb5 31. Nb6 axb6 32. b4
bxc5 33. a3 cxb4 34. axb4 Nd4+ 35. Kb2 Nf3 36. Bc3 Qe2+ 37. Ka3 Qc4 38. Bf6
Nd2 39. Kb2 Qxb4+ 40. Kc2 Ne4 41. Rb1 c5 42. Rxb4+ cxb4 43. Be7 h5 44. Bxb4
h4 45. Ba5 h3 46. Kd3 h2 47. Kxe4 h1=Q+ 48. Kd4 Qh5 49. Bc3 Qf5 50. Ke3 Qg4
51. Be5 Kc6 52. Bc3 Kd5 53. Bg7 Qe4+ 54. Kd2 Kc4 55. Kc1 Qe2 56. Bh6 Kd3 57.
Kb1 Qc2+ 58. Ka1 Qb3 59. Bg7 Kc2 60. Be5 Qb1# {White checkmated} 0-1

[Event "GambitGuide"]
[Site "Internet Chess Club"]
[Date "2014.10.31"]
[Round "1"]
[White "JSBach"]
[Black "RamRock"]
[Result "1-0"]
[ICCResult "Black resigns"]
[WhiteElo "1678"]
[BlackElo "1685"]
[Opening "Vienna: `Frankenstein-Dracula' variation"]
[ECO "C27"]
[NIC "VG.02"]
[Time "00:41:55"]
[TimeControl "120+12"]

1. e4 e5 2. Nc3 Nf6 3. Bc4 Nxe4 4. Qh5 Nd6 5. Bb3 Nc6 6. Nb5 g6 7. Qf3 f5 8.
Qd5 Qe7 9. Nxc7+ Kd8 10. Nxa8 b6 11. Ba4 b5 12. Bxb5 Nxb5 13. Qxb5 Ke8 14.
Nc7+ Kf7 15. Qd5+ Kg7 16. Nf3 Nd4 17. Nxd4 exd4+ 18. Kd1 Qh4 19. Ne8+ Kh6
20. d3+ g5 21. Nd6 Qxf2 22. Nxc8 {Black resigns} 1-0

[Event "GambitGuide"]
[Site "Internet Chess Club"]
[Date "2014.10.31"]
[Round "1"]
[White "JSBach"]
[Black "RamRock"]
[Result "1-0"]
[ICCResult "Black resigns"]
[WhiteElo "1678"]
[BlackElo "1685"]
[Opening "Vienna: `Frankenstein-Dracula' variation"]
[ECO "C27"]
[NIC "VG.02"]
[Time "00:43:01"]
[TimeControl "120+12"]

1. e4 e5 2. Nc3 Nf6 3. Bc4 Nxe4 4. Qh5 Nd6 5. Bb3 Nc6 6. Nb5 g6 7. Qf3 f5 8.
Qd5 Qe7 9. Nxc7+ Kd8 10. Nxa8 b6 11. Ba4 e4 12. Bxc6 dxc6 13. Qxc6 Bd7 14.
Qc7+ Ke8 15. Qxa7 Nc4 16. Nxb6 Bb5 17. Qxe7+ {Black resigns} 1-0

[Event "GambitGuide"]
[Site "Internet Chess Club"]
[Date "2014.10.31"]
[Round "1"]
[White "JSBach"]
[Black "Spirals"]
[Result "1/2-1/2"]
[ICCResult "White stalemated"]
[WhiteElo "1678"]
[BlackElo "2176"]
[Opening "Vienna: `Frankenstein-Dracula' variation"]
[ECO "C27"]
[NIC "VG.02"]
[Time "00:41:24"]
[TimeControl "120+12"]

1. e4 e5 2. Nc3 Nf6 3. Bc4 Nxe4 4. Qh5 Nd6 5. Bb3 Nc6 6. Nb5 g6 7. Qf3 f5 8.
Qd5 Qe7 9. Nxc7+ Kd8 10. Nxa8 b6 11. Ba4 Bb7 12. Nxb6 axb6 13. Qb3 Kc7 14.
Ne2 Bg7 15. Nc3 Nd4 16. Nd5+ Bxd5 17. Qxd5 Qe6 18. Qxe6 dxe6 19. c3 Nc6 20.
Bb3 Re8 21. d3 e4 22. d4 Na5 23. Ba4 b5 24. Bc2 Nac4 25. Ke2 e5 26. d5 Nb6
27. Rd1 f4 28. a4 bxa4 29. Bxa4 Ra8 30. b3 Nxa4 31. Rxa4 Rxa4 32. bxa4 Nc4
33. h3 Kd6 34. g4 g5 35. Bd2 Bf8 36. Bc1 Be7 37. Kf1 Bd8 38. Re1 Ba5 39. Rd1
Bxc3 40. a5 Bxa5 41. Ke2 h6 42. Kf1 Bc3 43. h4 Bd4 44. h5 Kxd5 45. Ke2 f3+
46. Ke1 Ke6 47. Bd2 Nxd2 48. Rxd2 e3 49. fxe3 Bxe3 50. Rd3 f2+ 51. Kf1 Bd4
52. Rd1 Kd5 53. Rb1 e4 54. Rb7 e3 55. Rh7 Ke4 56. Rxh6 Kf3 57. Re6 Bg7 58.
Re8 Bh6 59. Re6 Bg7 60. Re8 Bh6 61. Re6 Bg7 62. Re7 Bh6 63. Re5 Bg7 64. Re7
Bd4 65. Re8 Kxg4 66. h6 Kf3 67. h7 g4 68. Rf8+ Kg3 69. h8=Q Bxh8 70. Rxh8
Kf3 71. Rf8+ Kg3 72. Rf3+ Kxf3 {White stalemated} 1/2-1/2

[Event "GambitGuide"]
[Site "Internet Chess Club"]
[Date "2014.10.31"]
[Round "1"]
[White "JSBach"]
[Black "losscause"]
[Result "1-0"]
[ICCResult "Black checkmated"]
[WhiteElo "1678"]
[BlackElo "1290"]
[Opening "Vienna: `Frankenstein-Dracula' variation"]
[ECO "C27"]
[NIC "VG.02"]
[Time "00:41:32"]
[TimeControl "120+12"]

1. e4 e5 2. Nc3 Nf6 3. Bc4 Nxe4 4. Qh5 Nd6 5. Bb3 Nc6 6. Nb5 g6 7. Qf3 f5 8.
Qd5 Qe7 9. Nxc7+ Kd8 10. Nxa8 b6 11. Ba4 Nd4 12. f4 exf4+ 13. Kf2 Bg7 14. b3
Ne4+ 15. Kf1 Ba6+ 16. c4 Re8 17. g3 Nxg3+ 18. Kg2 f3+ 19. Nxf3 Qe2+ 20. Kxg3
f4+ 21. Kh3 Nxf3 22. Qxd7# {Black checkmated} 1-0

[Event "GambitGuide"]
[Site "Internet Chess Club"]
[Date "2014.10.31"]
[Round "1"]
[White "JSBach"]
[Black "RamRock"]
[Result "1-0"]
[ICCResult "Black resigns"]
[WhiteElo "1673"]
[BlackElo "1685"]
[Opening "Vienna: `Frankenstein-Dracula' variation"]
[ECO "C27"]
[NIC "VG.02"]
[Time "00:43:23"]
[TimeControl "120+12"]

1. e4 e5 2. Nc3 Nf6 3. Bc4 Nxe4 4. Qh5 Nd6 5. Bb3 Nc6 6. Nb5 g6 7. Qf3 f5 8.
Qd5 Qe7 9. Nxc7+ Kd8 10. Nxa8 b6 11. Ba4 Nb4 12. Qb3 Ne4 13. a3 Qc5 14. d4
Qxd4 15. Be3 Nxc2+ 16. Qxc2 Bb4+ 17. axb4 Qxb4+ 18. Kf1 Nd2+ 19. Bxd2 Ba6+
20. Ke1 e4 21. Qc7+ Ke7 22. Bxb4+ Ke6 23. Qxd7+ {Black resigns} 1-0

[Event "GambitGuide"]
[Site "Internet Chess Club"]
[Date "2014.10.31"]
[Round "1"]
[White "JSBach"]
[Black "losscause"]
[Result "1-0"]
[ICCResult "Black resigns"]
[WhiteElo "1673"]
[BlackElo "1290"]
[Opening "Vienna: `Frankenstein-Dracula' variation"]
[ECO "C27"]
[NIC "VG.02"]
[Time "00:44:05"]
[TimeControl "120+12"]

1. e4 e5 2. Nc3 Nf6 3. Bc4 Nxe4 4. Qh5 Nd6 5. Bb3 Nc6 6. Nb5 g6 7. Qf3 f5 8.
Qd5 Qe7 9. Nxc7+ Kd8 10. Nxa8 b6 11. Ba4 Nd4 12. f4 exf4+ 13. Kd1 Bg7 14. g4
Re8 15. Qe6 Qxe6 16. d3 Qe2+ 17. Nxe2 Nxe2 18. gxf5 Bb7 19. Rf1 Bxa8 20.
fxg6 hxg6 21. Bxf4 Nf5 22. Rb1 Bg2 23. Bg5+ Kc8 24. Rf2 {Black resigns} 1-0

[Event "GambitGuide"]
[Site "Internet Chess Club"]
[Date "2014.10.31"]
[Round "1"]
[White "JSBach"]
[Black "Spirals"]
[Result "1-0"]
[ICCResult "Black resigns"]
[WhiteElo "1673"]
[BlackElo "2176"]
[Opening "Vienna: `Frankenstein-Dracula' variation"]
[ECO "C27"]
[NIC "VG.02"]
[Time "00:44:00"]
[TimeControl "120+12"]

1. e4 e5 2. Nc3 Nf6 3. Bc4 Nxe4 4. Qh5 Nd6 5. Bb3 Nc6 6. Nb5 g6 7. Qf3 f5 8.
Qd5 Qe7 9. Nxc7+ Kd8 10. Nxa8 b6 11. Ba4 Bb7 12. Nxb6 axb6 13. Qb3 Kc7 14.
Ne2 Bg7 15. a3 e4 16. Nf4 Nd4 17. Nd5+ Bxd5 18. Qxd5 Qe5 19. Qxe5 Bxe5 20.
c3 Ne6 21. Bb3 Nc5 22. Bc2 Nd3+ 23. Bxd3 exd3 24. h4 h5 25. O-O Nc4 26. b3
Na5 27. Rb1 d6 28. Re1 Kd7 29. Re3 f4 30. Rxd3 Ke6 31. b4 Nc4 32. a4 d5 33.
Ra1 Ra8 34. Kh2 Kf5 35. Rxd5 Ke6 36. Rd3 Nd6 37. a5 b5 38. a6 Nc4 39. a7
{Black resigns}
1-0

[Event "GambitGuide"]
[Site "Internet Chess Club"]
[Date "2014.10.31"]
[Round "1"]
[White "JSBach"]
[Black "RamRock"]
[Result "1-0"]
[ICCResult "Black resigns"]
[WhiteElo "1673"]
[BlackElo "1685"]
[Opening "Vienna: `Frankenstein-Dracula' variation"]
[ECO "C27"]
[NIC "VG.02"]
[Time "00:44:31"]
[TimeControl "120+12"]

1. e4 e5 2. Nc3 Nf6 3. Bc4 Nxe4 4. Qh5 Nd6 5. Bb3 Nc6 6. Nb5 g6 7. Qf3 f5 8.
Qd5 Qe7 9. Nxc7+ Kd8 10. Nxa8 b6 11. Ba4 Nb4 12. Qb3 Ne4 13. d3 Qc5 14. dxe4
fxe4 15. a3 Bd6 16. Bg5+ Be7 17. axb4 Qd4 18. Bxe7+ Kxe7 19. Rd1 Rf8 20.
Rxd4 {Black resigns} 1-0

[Event "GambitGuide"]
[Site "Internet Chess Club"]
[Date "2014.10.31"]
[Round "1"]
[White "JSBach"]
[Black "Spirals"]
[Result "1-0"]
[ICCResult "Black resigns"]
[WhiteElo "1673"]
[BlackElo "2176"]
[Opening "Vienna: `Frankenstein-Dracula' variation"]
[ECO "C27"]
[NIC "VG.02"]
[Time "00:45:19"]
[TimeControl "120+12"]

1. e4 e5 2. Nc3 Nf6 3. Bc4 Nxe4 4. Qh5 Nd6 5. Bb3 Nc6 6. Nb5 g6 7. Qf3 f5 8.
Qd5 Qe7 9. Nxc7+ Kd8 10. Nxa8 b6 11. Ba4 Bb7 12. Nxb6 axb6 13. Qb3 Kc7 14.
Ne2 Bg7 15. Nc3 Nd4 16. Nd5+ Bxd5 17. Qxd5 Qe6 18. Qxe6 dxe6 19. c3 Nc6 20.
d3 b5 21. Bb3 Kd7 22. Bg5 h6 23. Be3 f4 24. Bc5 Nb7 25. Bb6 Bf8 26. a4 b4
27. a5 Bc5 28. Kd2 bxc3+ 29. bxc3 Ra8 30. Ba4 Kd6 31. Bxc6 Kxc6 32. Rhb1 Nd6
33. Bxc5 Kxc5 34. a6 Ra7 35. Ra5+ Kc6 36. Rxe5 Kd7 37. Ra5 Kc6 38. Rb4 g5
39. g3 fxg3 40. hxg3 {Black resigns} 1-0

[Event "GambitGuide"]
[Site "Internet Chess Club"]
[Date "2014.10.31"]
[Round "1"]
[White "JSBach"]
[Black "losscause"]
[Result "1/2-1/2"]
[ICCResult "Game drawn by repetition"]
[WhiteElo "1673"]
[BlackElo "1290"]
[Opening "Vienna: `Frankenstein-Dracula' variation"]
[ECO "C27"]
[NIC "VG.02"]
[Time "00:45:31"]
[TimeControl "120+12"]

1. e4 e5 2. Nc3 Nf6 3. Bc4 Nxe4 4. Qh5 Nd6 5. Bb3 Nc6 6. Nb5 g6 7. Qf3 f5 8.
Qd5 Qe7 9. Nxc7+ Kd8 10. Nxa8 b6 11. Ba4 Bb7 12. Nxb6 axb6 13. Qb3 b5 14. d3
bxa4 15. Qxa4 e4 16. d4 Qf6 17. d5 Nb8 18. Qa7 Kc8 19. Qc5+ Kd8 20. Qa7 Kc8
21. Qc5+ Kd8 22. Qa7 Kc8 23. Qc5+ Kd8 24. Qa7 {Game drawn by repetition}
1/2-1/2

[Event "GambitGuide"]
[Site "Internet Chess Club"]
[Date "2014.10.31"]
[Round "1"]
[White "JSBach"]
[Black "RamRock"]
[Result "1-0"]
[ICCResult "Black checkmated"]
[WhiteElo "1673"]
[BlackElo "1685"]
[Opening "Vienna: `Frankenstein-Dracula' variation"]
[ECO "C27"]
[NIC "VG.02"]
[Time "00:45:16"]
[TimeControl "120+12"]

1. e4 e5 2. Nc3 Nf6 3. Bc4 Nxe4 4. Qh5 Nd6 5. Bb3 Nc6 6. Nb5 g6 7. Qf3 f5 8.
Qd5 Qe7 9. Nxc7+ Kd8 10. Nxa8 b6 11. Ba4 Nb4 12. Qb3 Ne4 13. d3 Nxf2 14.
Kxf2 Qc5+ 15. Be3 Qa5 16. Bg5+ Be7 17. Bxe7+ Kxe7 18. a3 Nd5 19. Re1 Qc5+
20. Kg3 f4+ 21. Kf3 Ne3 22. d4 Bb7+ 23. Kf2 Ng4+ 24. Kf1 Qxd4 25. Nh3 Bxg2+
26. Kxg2 f3+ 27. Qxf3 Qd2+ 28. Kg3 h5 29. Rd1 h4+ 30. Kxg4 Qh6 31. Rxd7+ Ke6
32. Nc7# {Black checkmated} 1-0

[Event "GambitGuide"]
[Site "Internet Chess Club"]
[Date "2014.10.31"]
[Round "1"]
[White "JSBach"]
[Black "Spirals"]
[Result "1-0"]
[ICCResult "Black resigns"]
[WhiteElo "1673"]
[BlackElo "2176"]
[Opening "Vienna: `Frankenstein-Dracula' variation"]
[ECO "C27"]
[NIC "VG.02"]
[Time "00:46:37"]
[TimeControl "120+12"]

1. e4 e5 2. Nc3 Nf6 3. Bc4 Nxe4 4. Qh5 Nd6 5. Bb3 Nc6 6. Nb5 g6 7. Qf3 f5 8.
Qd5 Qe7 9. Nxc7+ Kd8 10. Nxa8 b6 11. Ba4 Bb7 12. Nxb6 axb6 13. Qb3 Kc7 14.
Ne2 Bg7 15. Nc3 Nd4 16. Nd5+ Bxd5 17. Qxd5 Qe6 18. Qxe6 dxe6 19. c3 Nc6 20.
Bb3 Kd7 21. d3 Na5 22. Bc2 Nab7 23. Be3 Kc7 24. f3 f4 25. Bf2 Nf5 26. Kd2
Rd8 27. Rae1 Nc5 28. Re2 g5 29. Rd1 h6 30. Rg1 Bf6 31. a3 Kc6 32. a4 Nd6 33.
Rd1 Ra8 34. Ra1 Nf5 35. Ree1 Rd8 36. a5 b5 37. a6 Ra8 38. a7 Nd7 39. Ra6+
Kb7 40. Rxe6 Rxa7 41. Bxa7 Kxa7 42. Ra1+ Kb7 43. Ra5 Kc7 44. Ra7+ Kd8 45.
Rxd7+ Kxd7 46. Rxf6 Nd6 47. Rxh6 {Black resigns} 1-0

[Event "GambitGuide"]
[Site "Internet Chess Club"]
[Date "2014.10.31"]
[Round "1"]
[White "JSBach"]
[Black "RamRock"]
[Result "1-0"]
[ICCResult "Black resigns"]
[WhiteElo "1673"]
[BlackElo "1685"]
[Opening "Vienna: `Frankenstein-Dracula' variation"]
[ECO "C27"]
[NIC "VG.02"]
[Time "00:47:19"]
[TimeControl "120+12"]

1. e4 e5 2. Nc3 Nf6 3. Bc4 Nxe4 4. Qh5 Nd6 5. Bb3 Nc6 6. Nb5 g6 7. Qf3 f5 8.
Qd5 Qe7 9. Nxc7+ Kd8 10. Nxa8 b6 11. Ba4 Nb4 12. Qb3 Ne4 13. d3 Nxf2 14.
Kxf2 Qc5+ 15. Be3 Qa5 16. Bg5+ Be7 17. Bxe7+ Kxe7 18. a3 Qc5+ 19. Kf1 Bb7
20. axb4 Qe3 21. Nc7 Bxg2+ 22. Kxg2 Qd2+ 23. Kf1 Qf4+ 24. Ke1 Qe3+ 25. Ne2
f4 26. Nd5+ Kd8 27. Nxe3 fxe3 28. Qd5 {Black resigns} 1-0

[Event "GambitGuide"]
[Site "Internet Chess Club"]
[Date "2014.10.31"]
[Round "1"]
[White "JSBach"]
[Black "Ak926"]
[Result "1-0"]
[ICCResult "Black resigns"]
[WhiteElo "1673"]
[BlackElo "1308"]
[Opening "Vienna: `Frankenstein-Dracula' variation"]
[ECO "C27"]
[NIC "VG.02"]
[Time "00:45:53"]
[TimeControl "120+12"]

1. e4 e5 2. Nc3 Nf6 3. Bc4 Nxe4 4. Qh5 Nd6 5. Bb3 Nc6 6. Nb5 g6 7. Qf3 f5 8.
Qd5 Qe7 9. Nxc7+ Kd8 10. Nxa8 b6 11. Ba4 b5 12. Bxb5 Nb4 13. Qc5 Nb7 14.
Qc7+ Ke8 15. Qxc8+ Qd8 16. Bxd7+ Kf7 17. Kd1 Qxc8 18. Bxc8 Nd6 19. Bd7 Be7
20. Nc7 Rd8 21. Be6+ Kg7 22. Nf3 Ne4 23. Rf1 Nc5 24. Nxe5 Nxe6 25. Nxe6+ Kg8
26. Nxd8 Bxd8 27. d4 {Black resigns} 1-0

[Event "GambitGuide"]
[Site "Internet Chess Club"]
[Date "2014.10.31"]
[Round "1"]
[White "JSBach"]
[Black "losscause"]
[Result "0-1"]
[ICCResult "White checkmated"]
[WhiteElo "1673"]
[BlackElo "1290"]
[Opening "Vienna: `Frankenstein-Dracula' variation"]
[ECO "C27"]
[NIC "VG.02"]
[Time "00:47:04"]
[TimeControl "120+12"]

1. e4 e5 2. Nc3 Nf6 3. Bc4 Nxe4 4. Qh5 Nd6 5. Bb3 Nc6 6. Nb5 g6 7. Qf3 f5 8.
Qd5 Qe7 9. Nxc7+ Kd8 10. Nxa8 b6 11. Ba4 Nd4 12. f4 Bb7 13. Qxe5 Bg7 14. Qe3
Qh4+ 15. g3 Qf6 16. Nxb6 axb6 17. c3 Re8 18. Kf1 Rxe3 19. dxe3 Bxh1 20. exd4
Qe6 21. Bb3 Qe4 22. Ne2 b5 23. Ke1 Bf3 24. Bd1 Nc4 25. Kf2 Bg4 26. b3 Qf3+
27. Kg1 Ne3 28. Bxe3 Qxe3+ 29. Kf1 Qf3+ 30. Kg1 Bh3 31. Rc1 Qg2#
{White checkmated}
0-1

[Event "GambitGuide"]
[Site "Internet Chess Club"]
[Date "2014.10.31"]
[Round "1"]
[White "JSBach"]
[Black "RamRock"]
[Result "1-0"]
[ICCResult "Black resigns"]
[WhiteElo "1673"]
[BlackElo "1685"]
[Opening "Vienna: `Frankenstein-Dracula' variation"]
[ECO "C27"]
[NIC "VG.02"]
[Time "00:48:50"]
[TimeControl "120+12"]

1. e4 e5 2. Nc3 Nf6 3. Bc4 Nxe4 4. Qh5 Nd6 5. Bb3 Nc6 6. Nb5 g6 7. Qf3 f5 8.
Qd5 Qe7 9. Nxc7+ Kd8 10. Nxa8 b6 11. Ba4 Nb4 12. Qb3 Ne4 13. d3 Nxf2 14.
Kxf2 Qh4+ 15. Kf1 Qd4 16. Bg5+ Be7 17. Nf3 Qg4 18. Nxe5 Bxg5 19. Nxg4
{Black resigns}
1-0

[Event "GambitGuide"]
[Site "Internet Chess Club"]
[Date "2014.10.31"]
[Round "1"]
[White "JSBach"]
[Black "tvu"]
[Result "1-0"]
[ICCResult "Black resigns"]
[WhiteElo "1673"]
[BlackElo "1476"]
[Opening "Vienna: `Frankenstein-Dracula' variation"]
[ECO "C27"]
[NIC "VG.02"]
[Time "00:47:34"]
[TimeControl "120+12"]

1. e4 e5 2. Nc3 Nf6 3. Bc4 Nxe4 4. Qh5 Nd6 5. Bb3 Nc6 6. Nb5 g6 7. Qf3 f5 8.
Qd5 Qe7 9. Nxc7+ Kd8 10. Nxa8 b6 11. Ba4 Bb7 12. Nxb6 axb6 13. Qb3 Kc7 14.
Ne2 Bg7 15. Nc3 Qe6 16. Nd5+ Kd8 17. Qxb6+ Ke8 18. Nc7+ {Black resigns} 1-0

[Event "GambitGuide"]
[Site "Internet Chess Club"]
[Date "2014.10.31"]
[Round "1"]
[White "JSBach"]
[Black "RamRock"]
[Result "1-0"]
[ICCResult "Black checkmated"]
[WhiteElo "1673"]
[BlackElo "1685"]
[Opening "Vienna: `Frankenstein-Dracula' variation"]
[ECO "C27"]
[NIC "VG.02"]
[Time "00:49:21"]
[TimeControl "120+12"]

1. e4 e5 2. Nc3 Nf6 3. Bc4 Nxe4 4. Qh5 Nd6 5. Bb3 Nc6 6. Nb5 g6 7. Qf3 f5 8.
Qd5 Qe7 9. Nxc7+ Kd8 10. Nxa8 b6 11. Ba4 Nb4 12. Qb3 Ne4 13. d3 Nxf2 14.
Kxf2 Qh4+ 15. g3 Qd4+ 16. Be3 Nxd3+ 17. cxd3 Qg4 18. h3 Qh5 19. Rc1 f4 20.
Bxb6+ Ke8 21. Qe6+ Be7 22. Rxc8# {Black checkmated} 1-0

[Event "GambitGuide"]
[Site "Internet Chess Club"]
[Date "2014.10.31"]
[Round "1"]
[White "JSBach"]
[Black "RamRock"]
[Result "1-0"]
[ICCResult "Black resigns"]
[WhiteElo "1673"]
[BlackElo "1685"]
[Opening "Vienna: `Frankenstein-Dracula' variation"]
[ECO "C27"]
[NIC "VG.02"]
[Time "00:50:03"]
[TimeControl "120+12"]

1. e4 e5 2. Nc3 Nf6 3. Bc4 Nxe4 4. Qh5 Nd6 5. Bb3 Nc6 6. Nb5 g6 7. Qf3 f5 8.
Qd5 Qe7 9. Nxc7+ Kd8 10. Nxa8 b6 11. Ba4 Ba6 12. Bxc6 Qg5 13. Qxe5 Qxg2 14.
Bxg2 {Black resigns} 1-0

[Event "GambitGuide"]
[Site "Internet Chess Club"]
[Date "2014.10.31"]
[Round "1"]
[White "JSBach"]
[Black "losscause"]
[Result "1-0"]
[ICCResult "Black resigns"]
[WhiteElo "1673"]
[BlackElo "1290"]
[Opening "Vienna: `Frankenstein-Dracula' variation"]
[ECO "C27"]
[NIC "VG.02"]
[Time "00:49:20"]
[TimeControl "120+12"]

1. e4 e5 2. Nc3 Nf6 3. Bc4 Nxe4 4. Qh5 Nd6 5. Bb3 Nc6 6. Nb5 g6 7. Qf3 f5 8.
Qd5 Qe7 9. Nxc7+ Kd8 10. Nxa8 b6 11. Ba4 Nd4 12. f4 Bb7 13. Qxe5 Bg7 14.
Qxe7+ Kxe7 15. Nxb6 axb6 16. Kf2 Re8 17. c3 Ne6 18. d3 Bc6 19. Bxc6 dxc6 20.
Be3 c5 21. Re1 Kd7 22. Ne2 Bf6 23. a4 g5 24. fxg5 Nxg5 25. a5 bxa5 26. Bxc5
Ne6 27. Bxd6 Kxd6 28. Ng3 {Black resigns} 1-0

[Event "GambitGuide"]
[Site "Internet Chess Club"]
[Date "2014.10.31"]
[Round "1"]
[White "JSBach"]
[Black "Spirals"]
[Result "1/2-1/2"]
[ICCResult "Game drawn by repetition"]
[WhiteElo "1673"]
[BlackElo "2176"]
[Opening "Vienna: `Frankenstein-Dracula' variation"]
[ECO "C27"]
[NIC "VG.02"]
[Time "00:48:25"]
[TimeControl "120+12"]

1. e4 e5 2. Nc3 Nf6 3. Bc4 Nxe4 4. Qh5 Nd6 5. Bb3 Nc6 6. Nb5 g6 7. Qf3 f5 8.
Qd5 Qe7 9. Nxc7+ Kd8 10. Nxa8 b6 11. Ba4 Bb7 12. Nxb6 axb6 13. Qb3 Kc7 14.
Ne2 Nd4 15. Nxd4 exd4+ 16. Kf1 Qe6 17. Qd3 Qc4 18. Qxc4+ Nxc4 19. d3 Ne5 20.
Bf4 d6 21. Re1 Bg7 22. f3 Bf6 23. Ke2 g5 24. Bd2 f4 25. a3 h6 26. Rhf1 Bd5
27. Rf2 Ra8 28. Bb5 Bc6 29. Bxc6 Kxc6 30. Kf1 Kd5 31. Rfe2 Rc8 32. Bc1 b5
33. Kf2 Rf8 34. g3 fxg3+ 35. hxg3 Bg7 36. f4 Ng4+ 37. Kg1 Ne3 38. fxg5 hxg5
39. b3 g4 40. Bxe3 dxe3 41. c4+ bxc4 42. dxc4+ Kc6 43. Rf1 Rxf1+ 44. Kxf1
Bd4 45. b4 d5 46. cxd5+ Kxd5 47. b5 Ke4 48. a4 Kf3 49. a5 Kxg3 50. b6 Kf3
51. b7 Ba7 52. a6 g3 53. Rb2 Bb8 54. Rg2 Ba7 55. Re2 Bb8 56. Rg2 Ba7 57. Rb2
Bb8 58. Rg2 Ba7 59. Rb2 Bb8 60. Rg2 {Game drawn by repetition} 1/2-1/2